AoeStats
← Plutos0101

Arabia

510008190Analyzed
3v3 RM · 3d ago on Sep 29, 2026· 36m 1s· 6 players
Game mode
Random Map
Map size
Normal (6 player)
Population
200
Speed
Normal
Resources
Standard
Victory
Conquest
Starting age
Dark Age
Ending age
Imperial Age
RankedLock teamsTeams togetherTeam positionsShared explorationLock speedFull tech treeHidden civsTurbo modeCheats
Victory
Defeat
🇦🇷 Japanese · Argentina
1258
+16
🇦🇷 Lithuanians · Argentina
1236
+16
🇦🇷 Cumans · Argentina
1182
+19
🇨🇱 Lithuanians · Chile
1264
-23
🇲🇽 Burmese · Mexico
1247
-17
🇺🇸 Khitans · United States
1223
-16
SanjiJose
5:06 Loom
5:17 Loom
10:25 Feudal Age
13:45 Horse Collar
17:08 Fletching
24:03 Castle Age
22:11 Man-at-Arms
26:44 Wheelbarrow
26:45 Long Swordsman
29:45 Crossbowman
34:42 Gold Mining
35:14 Scale Mail Armor
35:43 Pikeman
36:08 Arson
lordraiden36
7:25 Loom
7:34 Loom
9:33 Feudal Age
15:35 Forging
17:31 Scale Barding Armor
19:09 Double-Bit Axe
24:26 Castle Age
25:47 Iron Casting
26:14 Wheelbarrow
26:49 Light Cavalry
27:30 Husbandry
31:39 Loom
32:09 Hand Cart
Plutos0101
6:16 Loom
8:54 Feudal Age
10:09 Double-Bit Axe
13:46 Scale Barding Armor
26:34 Castle Age
25:04 Horse Collar
25:16 Gold Mining
29:36 Elite Skirmisher
32:32 Bow Saw
Rafaga
5:14 Loom
9:34 Feudal Age
12:38 Double-Bit Axe
18:57 Forging
20:52 Castle Age
20:25 Bloodlines
21:11 Scale Barding Armor
22:53 Husbandry
26:06 Horse Collar
26:37 Bow Saw
27:54 Heavy Plow
31:38 Chain Barding Armor
37:49 Imperial Age
L`Hopital
7:07 Loom
9:58 Feudal Age
12:43 Double-Bit Axe
15:10 Fletching
23:22 Horse Collar
29:52 Castle Age
29:36 Gold Mining
30:54 Bow Saw
32:42 Bodkin Arrow
33:35 Town Watch
35:15 Wheelbarrow
34:45 Padded Archer Armor
35:25 Ballistics
SHAKIRA THE QUEEN
7:22 Loom
9:53 Feudal Age
10:09 Man-at-Arms
10:35 Double-Bit Axe
14:00 Horse Collar
16:03 Fletching
20:14 Wheelbarrow
24:01 Castle Age
22:03 Scale Mail Armor
22:27 Gold Mining
22:57 Padded Archer Armor
24:56 Bow Saw
24:08 Crossbowman
25:01 Bodkin Arrow
26:48 Pikeman
29:02 Forging
31:50 Squires
33:20 Thumb Ring
33:37 Chain Mail Armor
34:34 Heavy Plow
35:29 Iron Casting
35:50 Stone Mining
Connection lost

Rejoining the realm…

Still unreachable

The connection could not be restored.

Session expired

The server has moved on; the page needs a fresh start.